AoeStats
← 1980195387

Nomad

510266579Analyzed
2v2 RM · 12h ago on Sep 30, 2026· 50m 34s· 4 players
Game mode
Random Map
Map size
176×176
Population
200
Speed
Normal
Resources
Standard
Victory
Conquest
Starting age
Dark Age
Ending age
Imperial Age
RankedLock teamsTeams togetherTeam positionsShared explorationLock speedFull tech treeHidden civsTurbo modeCheats
Victory
Defeat
🇹🇷 Varangians · Türkiye
844
+4
🇨🇦 Inca · Canada
692
+4
🇨🇳 Khmer · China
401
-3
🇨🇳 Britons · China
400
-3
HANA
17:32 Feudal Age
18:13 Double-Bit Axe
19:59 Fishing Lines
21:38 Wheelbarrow
21:44 Wheelbarrow
21:11 Horse Collar
26:12 Castle Age
26:19 Light Cavalry
27:11 Scale Barding Armor
26:59 Fletching
28:04 Hand Cart
27:31 Pikeman
28:12 Squires
29:41 Squires
36:45 Bodkin Arrow
36:52 Padded Archer Armor
39:49 Gillnets
42:30 Yeomen
43:16 Ballistics
43:11 Masonry
1980195387
16:34 Feudal Age
20:23 Castle Age
18:32 Double-Bit Axe
21:07 Wheelbarrow
21:15 Bow Saw
26:10 Loom
35:11 Tusk Swords
35:45 Elite Skirmisher
40:21 Horse Collar
Minerva
15:41 Feudal Age
23:47 Castle Age
22:46 Double-Bit Axe
22:45 Horse Collar
22:56 Gold Mining
23:48 Champi Runner
25:17 Champi Warrior
26:34 Arson
31:42 Fletching
39:38 Heavy Plow
39:59 Bow Saw
41:21 Bodkin Arrow
41:29 Scale Mail Armor
41:45 Thumb Ring
41:42 Andean Sling
47:27 Imperial Age
46:06 Stone Mining
46:44 Chain Mail Armor
46:41 Forging
47:15 Gold Shaft Mining
46:35 Town Watch
47:26 Wheelbarrow
50:02 Crop Rotation
49:40 Elite Champi Warrior
51:18 Siege Engineers
Laxy
10:05 Loom
16:32 Feudal Age
18:52 Double-Bit Axe
21:43 Castle Age
20:36 Fishing Lines
22:36 Scale Barding Armor
22:49 Husbandry
23:00 Bloodlines
24:01 Wheelbarrow
23:14 Town Watch
27:04 Chain Barding Armor
29:10 Forging
31:15 Vendel Legacy
35:56 Forging
37:53 Horse Collar
38:30 Bow Saw
38:54 Stone Mining
38:57 Gold Mining
41:56 Iron Casting
41:13 Fletching
45:10 Imperial Age
43:18 Town Patrol
44:55 Stone Shaft Mining
45:16 Bodkin Arrow
45:46 Elite Jarl
46:48 Conscription
45:58 Capped Ram
47:35 Caravan
47:56 Guilds
47:34 Siege Ram
49:58 Chemistry
Connection lost

Rejoining the realm…

Still unreachable

The connection could not be restored.

Session expired

The server has moved on; the page needs a fresh start.